 Dungeon Crawl Stone Soup version 0.31.0-11-ge490571c62 (webtiles) character file.

Game seed: 778751095806404886

15127 Silvore the Carver (level 11, 0/84 HPs)
             Began as a Demonspawn Fighter on Feb 10, 2024.
             Was a High Priest of Okawaru.
             Slain by a 19-headed hydra (10 damage)
             ... on level 11 of the Dungeon on Feb 11, 2024.
             The game lasted 00:23:28 (12774 turns).

Silvore the Carver (Demonspawn Fighter)            Turns: 12774, Time: 00:23:29

Health: 0/84       AC: 30    Str: 28    XL:     11   Next: 97%
Magic:  0/11       EV:  8    Int: 11    God:    Okawaru [*****.]
Gold:   310        SH: 15    Dex: 12    Spells: 10/10 levels left

rFire   . . .        a - +1 long sword (vamp)
rCold   . . .        D - +0 tower shield
rNeg    . . .        H - +4 chain mail of Intercession {rPois}
rPois   +            R - +2 helmet {Int+3}
rElec   .            x - +0 cloak
rCorr   .            Q - +0 pair of gloves
SInv    +            (no boots)
Will    .....        y - amulet of guardian spirit Stlth
                     J - +6 ring of strength
HPRegen 0.34/turn    S - ring of see invisible
MPRegen 0.12/turn

%: guardian spirit
@: about to teleport, sanguine armoured
A: hooves 2, spiny 1, sanguine armour 2
a: Renounce Religion, Heroism, Finesse, Duel


You were on level 11 of the Dungeon.
You worshipped Okawaru.
Okawaru was extremely pleased with you.
You visited 2 branches of the dungeon, and saw 14 of its levels.
You also visited: Ossuary.

You collected 692 gold pieces.
You spent 382 gold pieces at shops.

Inventory:

Hand Weapons
 a - a +1 vampiric long sword (weapon)
Missiles
 C - 3 throwing nets
Armour
 b - a +0 scale mail
 c - a +1 buckler
 o - a +2 hat
 p - a scarf of shadows
 w - a +0 plate armour
 x - a +0 cloak (worn)
 D - a +0 tower shield (worn)
 H - the +4 chain mail of Intercession (worn) {rPois}
   (You found it on level 7 of the Dungeon)

   rPois:     It protects you from poison
 N - a +1 troll leather armour
 Q - a +0 pair of gloves (worn)
 R - a +2 helmet of intelligence (worn)
Jewellery
 d - a ring of protection from cold
 i - a ring of wizardry
 m - a ring of protection from cold
 r - a +6 ring of intelligence
 y - an amulet of guardian spirit (around neck)
 A - a ring of protection from fire
 J - a +6 ring of strength (left hand)
 M - a ring of ice
 S - a ring of see invisible (right hand)
Wands
 v - a wand of polymorph (5)
 F - a wand of roots (16)
 K - a wand of digging (3)
Scrolls
 q - 3 scrolls of amnesia
 t - 2 scrolls of fog
 u - 2 scrolls of immolation
 B - 2 scrolls of teleportation
 E - 2 scrolls of poison
 G - a scroll of vulnerability
 I - 2 scrolls of brand weapon
 P - a scroll of enchant armour
Potions
 e - 3 potions of degeneration
 f - 4 potions of brilliance
 g - 3 potions of ambrosia
 h - 3 potions of curing
 j - a potion of heal wounds
 k - 4 potions of enlightenment
 l - 2 potions of cancellation {unknown}
 n - 2 potions of lignification
 s - a potion of resistance {unknown}
 z - a potion of haste
 L - a potion of attraction {unknown}
 O - a potion of might


   Skills:
 + Level 7.3 Fighting
 + Level 10.7 Long Blades
 + Level 9.5 Armour
 + Level 3.4 Dodging
 + Level 2.2 Stealth
 + Level 9.1 Shields
 + Level 1.1 Unarmed Combat
 + Level 0.1 Invocations


You had 10 spell levels left.
You didn't know any spells.
Your spell library contained the following spells:

 Spells                   Type           Power      Damage    Failure   Level
 Kiss of Death            Conj/Necr      0%         2d5       99%         1
 Magic Dart               Conj           0%         1d3       99%         1
 Necrotise                Necr           0%         1d4       99%         1
 Shock                    Conj/Air       0%         1d3       99%         1
 Blink                    Tloc           0%         N/A       99%         2
 Sublimation of Blood     Necr           0%         N/A       99%         2
 Confusing Touch          Hex            0%         N/A       100%        3
 Swiftness                Air            0%         N/A       100%        3
 Vampiric Draining        Necr           0%         2d6       100%        3
 Volatile Blastmotes      Fire/Tloc      0%         2d10      100%        3
 Airstrike                Air            0%         2d(0-16)  100%        4
 Dispel Undead            Necr           0%         3d6       100%        4
 Fulminant Prism          Conj/Alch      0%         3d5       100%        4
 Iskenderun's Mystic Bla  Conj/Tloc      0%         2d3       100%        4
 Passage of Golubria      Tloc           0%         N/A       100%        4
 Curse of Agony           Necr           0%         N/A       100%        5
 Silence                  Hex/Air        0%         N/A       100%        5
 Yara's Violent Unravell  Hex/Alch       0%         3d3       100%        5
 Lehudib's Crystal Spear  Conj/Erth      0%         10d2      100%        8
 Call Imp                 Summ           Unusable   N/A       N/A         2
 Tukima's Dance           Hex            Unusable   N/A       N/A         3
 Martyr's Knell           Necr/Summ      Unusable   N/A       N/A         4
 Summon Hydra             Summ           Unusable   N/A       N/A         7

Dungeon Overview and Level Annotations

Branches:
Dungeon (13/15)            Temple (1/1) D:4            Lair (0/5) D:11
Ossuary (visited)
    Orc: D:9-12      Vaults: D:13-14

Altars:
Ashenzari
Cheibriados
Dithmenos
Fedhas
Gozag
Hepliaklqana
Kikubaaqudgha
Makhleb
Nemelex Xobeh
Okawaru
Qazlal
Ru
Sif Muna
Trog
Uskayaw
Vehumet
Wu Jian
Xom
Yredelemnul

Shops:
D:2 *   D:11 [=[[


Innate Abilities, Weirdness & Mutations

You have hoof-like feet.
You are partially covered in sharp spines.
When seriously injured, your blood forms thick armour. (AC +9)


Message History

The 19-headed hydra bites you but does no damage. x2
You block the 19-headed hydra's attack. x2; The 19-headed hydra bites you.
You block the 19-headed hydra's attack.
The 19-headed hydra bites you but does no damage.
The 19-headed hydra bites you.
The 19-headed hydra bites you but does no damage. x3
The 19-headed hydra bites you. The 19-headed hydra bites you!
The 19-headed hydra bites you but does no damage.
The 19-headed hydra closely misses you. The 19-headed hydra bites you.
The 19-headed hydra bites you but does no damage.
The 19-headed hydra completely misses you.
The 19-headed hydra closely misses you. The 19-headed hydra bites you!
Your blood congeals into armour.
The 19-headed hydra bites you. x2
The 19-headed hydra bites you but does no damage.
The 19-headed hydra completely misses you.
The 19-headed hydra bites you but does no damage.
The 19-headed hydra bites you! The 19-headed hydra barely misses you.
The 19-headed hydra bites you but does no damage.
The 19-headed hydra completely misses you.
The 19-headed hydra bites you but does no damage.
The 19-headed hydra bites you.
The 19-headed hydra bites you but does no damage. x2
The 19-headed hydra bites you! x2
* * * LOW HITPOINT WARNING * * *
The 19-headed hydra barely misses you.
The 19-headed hydra bites you but does no damage.
There is a stone staircase leading up, spattered with blood here.
Okay, then.
As you read the scroll of teleportation, it crumbles to dust.
You feel strangely unstable.
You block the 19-headed hydra's attack. x2
The 19-headed hydra bites you but does no damage.
You block the 19-headed hydra's attack. The 19-headed hydra misses you.
The 19-headed hydra bites you.
* * * LOW HITPOINT WARNING * * *
You block the 19-headed hydra's attack.
The 19-headed hydra bites you but does no damage. x2
The 19-headed hydra bites you.
* * * LOW HITPOINT WARNING * * *
The 19-headed hydra bites you!
You die...

...............#
##############.# #)#
#.# #.# ########
####.#### #.......
###### #.......#
#.###### .....#
#.......# ##.## #
...#.#
#..@....####...#####
##.#.#
#..D.......).#....##
#.#.#
#.......####...##.##
#.#.# #.......#
##.###.## #.#.#
#.......# #.##...#
##.#.# ####.####
#....#.. ...#.#
#.##### ####...#
#..#.# #...D.# ##...
#..#.# #####.# #.##


You could see a 19-headed hydra.

Vanquished Creatures
  A two-headed ogre (D:9)
  Erica (D:8)
  Pikel (D:6)
  An ugly thing (D:11)
  Maurice (D:8)
  A cyclops (D:9)
  A black mamba (shapeshifter) (D:11)
  Joseph (D:8)
  Maggie (D:6)
  A gargoyle (D:11)
  5 kobold demonologists
  3 trolls
  Grinder (D:3)
  Prince Ribbit (D:8)
  A vampire (D:10)
  A shadow (D:11)
  2 wraiths (D:12)
  16 yaks
  A steam dragon (D:10)
  2 ice beasts
  3 black bears
  A sky beast (D:8)
  An ogre (D:5)
  2 centaurs
  A lemure (D:6)
  25 kobold brigands
  6 bullfrogs
  A gnoll sergeant (D:6)
  A scorpion (D:4)
  24 wights
  A burial acolyte (Ossuary)
  A jelly (D:4)
  14 killer bees
  A howler monkey (D:9)
  2 bombardier beetles
  5 orc priests
  3 hounds (D:6)
  3 iguanas
  A gnoll bouda (D:8)
  5 orc wizards
  A sleepcap (D:6)
  17 gnolls
  4 adders
  A white imp (D:6)
  An adder skeleton (Ossuary)
  2 ribbon worms
  2 dart slugs (D:2)
  23 orcs
  7 ball pythons
  15 bats
  3 endoplasms
  3 giant cockroaches
  5 goblins
  8 hobgoblins
  6 quokkas
  3 ball python skeletons (Ossuary)
  4 frilled lizards
  2 hobgoblin skeletons (Ossuary)
  40 kobolds
  A kobold skeleton (Ossuary)
  3 orc skeletons (Ossuary)
  4 rats
299 creatures vanquished.

Notes
Turn   | Place    | Note
-------+----------+-------------------------------------------
     0 | D:1      | Silvore the Demonspawn Fighter began the quest for the Orb.
     0 | D:1      | Reached XP level 1. HP: 18/18 MP: 1/1
   275 | D:1      | Gained mutation: You are partially covered in sharp spines.
                  | [demonic ancestry]
   275 | D:1      | Reached XP level 2. HP: 23/24 MP: 2/2
   569 | D:1      | Reached skill level 2 in Long Blades
   980 | D:2      | Reached XP level 3. HP: 29/29 MP: 3/3
  1328 | D:2      | Found Ifinuif's Assorted Antiques.
  1625 | D:3      | Reached XP level 4. HP: 32/35 MP: 4/4
  1725 | D:3      | Noticed Grinder
  1743 | D:3      | Killed Grinder
  1744 | D:3      | Reached skill level 3 in Long Blades
  1744 | D:3      | Reached skill level 1 in Dodging
  1744 | D:3      | Gained mutation: When seriously injured, your blood forms
                  | armour. (AC +9) [demonic ancestry]
  1744 | D:3      | Reached XP level 5. HP: 5/42 MP: 5/5
  1744 | D:3      | Gained mutation: You have large cloven feet. [demonic
                  | ancestry]
  1744 | D:3      | Reached XP level 6. HP: 6/48 MP: 6/6
  1902 | D:3      | Found a radiant altar of Vehumet.
  2455 | D:4      | Found an iron altar of Okawaru.
  2461 | D:4      | Became a worshipper of Warmaster Okawaru
  2496 | D:4      | Reached skill level 4 in Long Blades
  2592 | D:4      | Found a sand-covered staircase.
  2610 | Ossuary  | Entered an ossuary
  2685 | Ossuary  | Reached skill level 1 in Stealth
  2789 | Ossuary  | Gained mutation: When seriously injured, your blood forms
                  | thick armour. (AC +9) [demonic ancestry]
  2789 | Ossuary  | Reached XP level 7. HP: 52/54 MP: 7/7
  3782 | D:4      | Found a staircase to the Ecumenical Temple.
  3806 | Temple   | Entered the Ecumenical Temple
  3848 | D:4      | Reached * piety under Okawaru
  4023 | D:4      | Found a sacrificial altar of Ru.
  4043 | D:4      | Reached skill level 5 in Long Blades
  4077 | D:4      | Reached skill level 5 in Armour
  4211 | D:5      | Entered Level 5 of the Dungeon
  4671 | D:5      | Reached XP level 8. HP: 49/61 MP: 6/8
  5456 | D:6      | Reached skill level 6 in Long Blades
  5563 | D:6      | Noticed Pikel
  5584 | D:6      | Killed Pikel
  5584 | D:6      | Reached ** piety under Okawaru
  5585 | D:6      | Reached skill level 5 in Fighting
  5946 | D:6      | Noticed Maggie
  5976 | D:6      | Killed Maggie
  5977 | D:6      | Reached skill level 7 in Long Blades
  5977 | D:6      | Reached XP level 9. HP: 49/68 MP: 4/9
  6880 | D:7      | Noticed a +0 short sword
  6880 | D:7      | Noticed a +0 spear
  6881 | D:7      | Noticed a +0 short sword
  6882 | D:7      | Noticed a +0 spear
  6882 | D:7      | Noticed a +0 falchion
  6882 | D:7      | Noticed a +0 dagger
  6884 | D:7      | Noticed a +0 dagger
  6887 | D:7      | Noticed a +0 falchion
  6904 | D:7      | Found a hide-covered altar of Uskayaw.
  7245 | D:7      | Identified the +4 chain mail of Intercession {rPois}
  7697 | D:8      | Reached skill level 5 in Shields
  7814 | D:8      | Noticed Maurice
  7815 | D:8      | Noticed Erica
  7828 | D:8      | Killed Erica
  7828 | D:8      | Reached *** piety under Okawaru
  7829 | D:8      | Reached skill level 8 in Long Blades
  7830 | D:8      | Something stole a +1 buckler
  7831 | D:8      | Something stole 373 gold
  7831 | D:8      | Something stole 3 throwing nets
  7832 | D:8      | Something stole 6 gold
  7841 | D:8      | Killed Maurice
  7842 | D:8      | Gained mutation: You have hoof-like feet. [demonic
                  | ancestry]
  7842 | D:8      | Reached XP level 10. HP: 31/76 MP: 1/10
  8032 | D:8      | Noticed Prince Ribbit
  8045 | D:8      | Killed Prince Ribbit
  8045 | D:8      | Reached **** piety under Okawaru
  8369 | D:8      | Noticed Joseph
  8390 | D:8      | HP: 3/75 [Joseph/sling bullet (7)]
  8620 | D:8      | Found a broken altar of Ashenzari.
  8714 | D:8      | Killed Joseph
  9638 | D:9      | Noticed a two-headed ogre
  9650 | D:9      | Killed a two-headed ogre
  9650 | D:9      | Reached ***** piety under Okawaru
  9651 | D:9      | Reached skill level 9 in Long Blades
  9651 | D:9      | Reached skill level 1 in Unarmed Combat
  9773 | D:9      | Received a gift from Okawaru
  9923 | D:9      | Noticed a cyclops
  9933 | D:9      | Killed a cyclops
  9934 | D:9      | Reached XP level 11. HP: 83/83 MP: 8/11
 10136 | D:9      | Found a shadowy altar of Dithmenos.
 10174 | D:10     | Entered Level 10 of the Dungeon
 10529 | D:10     | Noticed a sun demon
 10590 | D:10     | Found a shimmering altar of Xom.
 10590 | D:10     | Found an ornate altar of the Wu Jian Council.
 11154 | D:11     | You fall into a shaft and drop 2 floors!
 11170 | D:13     | Noticed a deep elf pyromancer
 11186 | D:12     | Reached skill level 10 in Long Blades
 11296 | D:11     | Found a staircase to the Lair.
 11564 | D:11     | Received a gift from Okawaru
 11684 | D:11     | Found Daotuegh's Armour Emporium.
 12132 | D:11     | Found Behil's Antique Armour Shoppe.
 12132 | D:11     | Noticed a cyan ugly thing
 12148 | D:11     | Killed a cyan ugly thing
 12168 | D:11     | Bought a runed helmet for 187 gold pieces
 12307 | D:11     | Found Haugeh's Armour Boutique.
 12481 | D:11     | Found Quetoas's Jewellery Shoppe.
 12485 | D:11     | Bought a ring of see invisible for 195 gold pieces
 12515 | D:11     | Noticed an eight-headed hydra
 12774 | D:11     | Slain by a 19-headed hydra

Illustrated notes

Levels and vault maps discovered:
D:1:      dpeg_arrival_simpleton_c, layout_loops_corners,
          kennysheep_another_room, minivault_27, nrook_loot_triangle
D:2:      layout_loops_ring, serial_shops, nicolae_shop_statue_plus
D:3:      layout_basic, fiery_altar_vehumet, minmay_unequal, uniq_grinder
D:4:      layout_loops_corners, mainiacjoe_overflow_alcove_1,
          nicolae_ru_sacrificial_ziggurat, minmay_temple_entry_sparse_star,
          nicolae_ossuary_entry_monument, serial_library,
          serial_library_regret_index_branch_corner,
          serial_library_hellmonk_semicircle,
          serial_library_hellmonk_small_alcove,
          serial_library_regret_index_small_wings,
          serial_library_hellmonk_layered_room,
          serial_library_hellmonk_angled_corner, roderic_batcave
D:5:      layout_layer_cave, minivault_4
D:6:      layout_loops_cross, uniq_maggie, uniq_pikel
D:7:      layout_basic, nicolae_uskayaw_en_pointe
D:8:      layout_basic, nicolae_ashenzari_skybound, uniq_maurice, uniq_joseph,
          uniq_prince_ribbit1, uniq_erica
D:9:      layout_gridville, kennysheep_mini_moat
D:10:     layout_cave_pools, gammafunk_temple_overflow_statue
D:11:     layout_loops_ring, dpeg_oklobed_lair, special_room
          [special_room_kobold], serial_shops, shop, kennysheep_mini, shop,
          nicolae_shop_advertising_works [nicolae_subvault_shop_adworks]
D:12:     layout_roguey, zombieorc1_lemuel, nrook_pool_corridor
D:13:     layout_basic, david_vaults_5
Temple:   nicolae_temple_bog_church

Skill      XL: |  1  2  3  4  5  6  7  8  9 10 11 |
---------------+----------------------------------+-----
Armour         | 3 4 5 6 7 8 9 |  9.5
Long Blades    | 2 3 4 5 7 8 9 10 | 10.7
Shields        | 3 4 6 7 9 |  9.1
Dodging        | 1 2 3 |  3.4
Fighting       | 4 5 6 7 |  7.3
Stealth        | 1 2 |  2.2
Unarmed Combat | 1 |  1.1
Invocations    | |  0.1

Action                     |  1- 3 |  4- 6 |  7- 9 | 10-12 || total
---------------------------+-------+-------+-------+-------++-------
  Melee: Long sword        |    79 |    72 |   351 |   666 ||  1168
         Kick              |       |    16 |   104 |   241 ||   361
         Unarmed           |       |       |       |    21 ||    21
 Invoke: Finesse           |       |       |       |     1 ||     1
    Use: Scroll            |     8 |     6 |     5 |     5 ||    24
         Potion            |       |     1 |     5 |     6 ||    12
   Stab: Confused          |       |       |       |     3 ||     3
 Armour: Scale mail        |    46 |    56 |     9 |       ||   111
         Plate armour      |       |       |   208 |       ||   208
         Chain mail        |       |       |    78 |   622 ||   700
         Skin              |       |       |       |    13 ||    13
  Dodge: Dodged            |    32 |    19 |    73 |   216 ||   340
  Block: Buckler           |    14 |    12 |    46 |       ||    72
         Tower shield      |       |       |   220 |   657 ||   877
